Map: Ascension to Aiur LE

Players

xbIllxkIll - Winner!

  • Race: Zerg Zerg
  • Spawn Location: 5:00

A.I. 1 (Very Hard)

  • Race: Protoss Protoss
  • Spawn Location: 11:00

VOD

Have the link to the VOD?

Description

Time

  • Played on: Nov. 19, 2017, 4:57 a.m.
  • Length: 8:43
Show
View Real Time Build Order
Export as new Build Order

xbIllxkIll Zerg - Winner!

Build Orders: Hatch First 

Get SALT Encoding   

  12  0:01  Drone  
  13  0:18  Overlord  
  13  0:27  Drone  
  14  0:36  Drone x2  
  14  0:40  Drone  
  17  0:56  Hatchery  
  17  1:04  Drone  
  17  1:17  Spawning Pool  
  16  1:20  Drone  
  17  1:31  Drone  
  17  1:32  Drone  
  19  1:34  Overlord  
  19  1:52  Drone  
  20  1:59  Drone  
  21  2:06  Queen  
  21  2:08  Zergling x2  
  24  2:13  Drone  
  25  2:18  Spine Crawler, Queen  
  25  2:21  Drone x2  
  28  2:35  Drone x2  
  30  2:42  Queen  
  32  2:44  Overlord  
  32  2:54  Queen  
  32  2:55  Drone  
  32  2:56  Drone  
  36  3:05  Drone  
  36  3:06  Drone x2  
  39  3:15  Overlord  
  39  3:33  Queen  
  41  3:37  Hatchery x2  
  39  3:43  Zergling x2  
  39  3:48  Overlord x3  
  40  3:53  Overlord  
  40  3:54  Overlord  
  40  3:57  Zergling x12  
  46  4:30  Drone x3  
  49  4:35  Zergling x8  
  53  4:44  Queen  
  53  4:45  Queen  
  57  4:53  Zergling x2  
  57  4:54  Zergling x18  
  67  5:06  Zergling x8  
  71  5:08  Queen  
  73  5:19  Overlord x2  
  73  5:32  Zergling x28  
  73  5:33  Zergling x2  
  88  5:49  Zergling x2  
  89  5:50  Zergling x10  
  89  5:56  Zergling x6  
  97  6:04  Overlord x3  
  97  6:07  Zergling x16  
  105  6:13  Zergling x2  
  105  6:14  Zergling x2  
  107  6:36  Zergling x2  
  107  6:37  Zergling x34  
  123  7:10  Zergling x2  
  123  7:11  Zergling x38  
  133  7:22  Zergling x2  
  121  7:23  Zergling x10  
  115  7:39  Zergling x2  
  115  7:40  Zergling x10  
  116  8:02  Zergling x2  
  116  8:03  Zergling x22  
Show
View Real Time Build Order
Export as new Build Order

A.I. 1 (Very Hard) Protoss 

Build Orders:  

Get SALT Encoding   

  12  0:00  Probe  
  13  0:13  Probe  
  14  0:19  Pylon  
  14  0:25  Probe  
  15  0:37  Probe  
  16  0:47  Assimilator  
  17  0:50  Probe  
  17  0:51  Gateway  
  17  1:02  Probe, Pylon  
  18  1:14  Probe  
  19  1:26  Probe  
  20  1:38  Probe  
  21  1:41  Zealot  
  21  1:43  Cybernetics Core  
  23  1:50  Probe  
  24  2:02  Probe  
  24  2:04  Nexus  
  25  2:17  Gateway  
  25  2:23  Pylon  
  25  2:27  Zealot  
  25  2:29  Probe  
  28  2:33  Warp Gate  
  28  2:42  Assimilator, Probe  
  28  2:54  Adept, Probe  
  31  3:04  Adept  
  33  3:06  Probe  
  33  3:09  Pylon  
  34  3:16  Probe  
  34  3:18  Probe  
  36  3:21  Stalker  
  38  3:31  Stalker, Probe  
  41  3:41  Gateway, Probe  
  42  3:50  Probe  
  42  3:51  Stalker  
  45  4:00  Probe  
  45  4:01  Stalker  
  48  4:03  Probe  
  49  4:12  Probe  
  49  4:15  Probe  
  51  4:21  Stalker  
  53  4:24  Probe  
  53  4:27  Probe  
  55  4:31  Stalker  
  55  4:36  Stalker, Probe  
  55  4:37  Pylon  
  60  4:39  Probe  
  61  4:48  Probe, Pylon  
  62  4:55  Probe  
  62  4:58  Stalker  
  62  4:59  Stalker  
  67  5:00  Probe  
  68  5:07  Probe  
  68  5:09  Stalker, Pylon  
  68  5:12  Probe  
  72  5:15  Pylon  
  72  5:19  Probe  
  73  5:21  Stalker  
  73  5:22  Stalker  
  73  5:25  Probe  
  78  5:31  Probe  
  78  5:32  Stalker  
  81  5:37  Probe, Pylon  
  82  5:43  Probe  
  82  5:44  Stalker  
  82  5:45  Twilight Council  
  82  5:46  Stalker  
  82  5:49  Probe  
  88  5:55  Probe, Sentry  
  91  5:59  Pylon  
  91  6:04  Assimilator  
  91  6:07  Zealot  
  91  6:08  Assimilator  
  93  6:27  Templar Archives  
  93  6:30  Probe  
  94  6:35  Pylon  
  94  6:43  Forge  
  94  6:44  Pylon  
  94  6:51  Forge  
  94  6:55  Sentry  
  96  7:03  High Templar x2  
  100  7:09  Robotics Facility  
  100  7:13  Pylon  
  98  7:18  Zealot  
  98  7:19  Photon Cannon  
  92  7:29  Photon Cannon, Nexus  
  78  7:35  Zealot x2  
  68  7:38  Zealot  
  53  7:50  Probe  
  39  7:51  Probe  
  39  7:55  High Templar, Adept  
  39  7:57  Observer  
  25  7:58  Zealot  
  25  8:03  Probe x2  
Tags
 
Add a new tag
Caveats
  • Supply blocks, unpowered buildings, or Contaminate may cause inaccurate times.
  • Supply counts are checked every 10 seconds.